 Dungeon Crawl Stone Soup version 0.28-a0-410-gbef64dd269 (webtiles) character file.

Game seed: 4470892335545257467

116 heikuro the Skirmisher (level 5, -3/42 HPs)
             Began as a Formicid Abyssal Knight on Sept 6, 2021.
             Was a Priest of Lugonu.
             Succumbed to a water moccasin's poison
             ... in a sewer.
             The game lasted 00:07:06 (2991 turns).

heikuro the Skirmisher (Formicid Abyssal Knight)    Turns: 2991, Time: 00:07:07

Health: -3/42      AC:  4    Str: 17    XL:     5   Next: 20%
Magic:  7/7        EV: 11    Int: 12    God:    Lugonu [***...]
Gold:   120        SH:  0    Dex: 10    Spells: 4/4 levels left

rFire   . . .      SeeInvis +   j - +2 spear (flame)
rCold   . . .      Faith    .   (no shield)
rNeg    + . .      Spirit   .   b - +0 leather armour
rPois   .          Reflect  .   (helmet unavailable)
rElec   .          Harm     .   d - +0 cloak
rCorr   .          Rampage  .   (no gloves)
Will    +....                   (no boots)
Stlth   +.........              (no amulet)
HPRegen 0.14/turn               k - ring of willpower
MPRegen 0.10/turn               n - ring of positive energy

@: lethally poisoned (-3 -> -36)
A: permanent stasis, dig shafts and tunnels, antennae 3, four strong arms
a: Dig, Renounce Religion, Depart the Abyss, Bend Space, Banish


You were in a sewer.
You worshipped Lugonu.
Lugonu was most pleased with you.
You visited 1 branch of the dungeon, and saw 3 of its levels.
You visited the Abyss 1 time.
You also visited: Sewer.

You collected 120 gold pieces.

Inventory:

Hand Weapons
 a - a +1 falchion
 j - a +2 spear of flaming (weapon)
Missiles
 e - 14 poisoned darts
 f - 23 sling bullets
 l - 2 javelins
Armour
 b - a +0 leather armour (worn)
 d - a +0 cloak (worn)
Jewellery
 k - a ring of willpower (left hand)
 n - a ring of positive energy (right hand)
Scrolls
 g - a scroll of teleportation
 h - a scroll of identify {unknown}
 i - a scroll of amnesia {unknown}
 q - a scroll of summoning {unknown}
 r - a scroll of blinking {unknown}
Potions
 o - a potion of heal wounds {unknown}
 p - a potion of resistance {unknown}


   Skills:
 + Level 4.0 Fighting
 - Level 2.8 Long Blades
 * Level 1.5 Polearms
 + Level 3.1 Armour
 - Level 1.0 Dodging
 + Level 3.3 Invocations


You had 4 spell levels left.
You didn't know any spells.
Your spell library contained the following spells:

 Spells                   Type           Power      Damage    Failure   Level
 Passwall                 Tmut/Erth      0%         N/A       52%         2
 Invisibility             Hex            0%         N/A       100%        6
 Borgnjor's Revivificati  Necr           0%         N/A       100%        8
 Necromutation            Tmut/Necr      0%         N/A       100%        8
 Death's Door             Necr           0%         N/A       100%        9
 Swiftness                Air            Unusable   N/A       N/A         3

Dungeon Overview and Level Annotations

Branches:
Dungeon (3/15)              Sewer (1/1)

Altars:
Okawaru
The Shining One


Innate Abilities, Weirdness & Mutations

You cannot be hasted, slowed, berserked, paralysed or teleported.
You can dig through walls and to a lower floor.
You have a pair of large antennae on your head. (SInv)
Your four strong arms can wield two-handed weapons with a shield.


Message History

Found an encrusted bone wand and 15 gold pieces.
The water moccasin hisses angrily.
A water moccasin is nearby!
Found a pair of gloves.
Reach: j) +2 spear (flame)
Press: ? - help, Dir - move target, f - water moccasin
Aim: a water moccasin (about 54% to evade your +2 spear of flaming)
You reach to attack!
You barely miss the water moccasin. You closely miss the water moccasin.
The water moccasin bites you.
You are poisoned.
The water moccasin poisons you!
You hit the water moccasin but do no damage.
You feel very sick. The water moccasin bites you.
You are more poisoned.
The water moccasin poisons you! The water moccasin bites you.
You hit the water moccasin. You burn the water moccasin.
The water moccasin is moderately wounded.
You feel very sick. The water moccasin bites you!
You are lethally poisoned!
The water moccasin poisons you!
Okay, then.
* * * LOW HITPOINT WARNING * * *
You feel very sick.
It was a potion of flight.
You feel very buoyant.
You fly up into the air.
* * * LOW HITPOINT WARNING * * *
You feel very sick. The water moccasin bites you.
* * * LOW HITPOINT WARNING * * *
The water moccasin bites you.
* * * LOW HITPOINT WARNING * * *
You are more poisoned.
The water moccasin poisons you!
It was a potion of cancellation.
Your magical effects are unravelling.
You feel magically purged.
You float gracefully downwards.
You die...

# #### # # ....## ##
#$ ### ...≈.### #.
#/.##.. #≈....### #.
###≈.≈. #.≈...###≈
#.≈..≈≈## ##.....≈.≈
#≈....### ###≈....###≈
#[.##..S@≈####...≈.###
#. ###..≈.......### #.
###.≈....### ##
######## # # # #


You could see a water moccasin.

Vanquished Creatures
  3 adders
  2 dart slugs (D:1)
  3 orcs (D:3)
  6 bats
  5 endoplasms
  2 giant cockroaches (D:2)
  5 goblins
  4 hobgoblins
  8 jackals
  12 kobolds
  3 quokkas (D:1)
  5 ball pythons
  5 frilled lizards
  3 goblin skeletons (D:3)
  2 goblin zombies (D:3)
  2 hobgoblin zombies (D:3)
  2 orc skeletons (D:3)
  2 orc zombies (D:3)
  3 rats
77 creatures vanquished.

Notes
Turn   | Place    | Note
-------+----------+-------------------------------------------
     0 | Abyss:1  | heikuro the Formicid Abyssal Knight began the quest for the
                  | Orb.
     0 | Abyss:1  | Reached XP level 1. HP: 18/18 MP: 2/2
    51 | Abyss:1  | Found a basalt altar of Yredelemnul.
    58 | Abyss:1  | Noticed a large abomination
    59 | D:1      | Escaped the Abyss
   140 | D:1      | Reached skill level 1 in Dodging
   273 | D:1      | Found a faded altar of an unknown god.
   343 | D:1      | Reached XP level 2. HP: 16/24 MP: 3/3
   553 | D:1      | Reached * piety under Lugonu
   809 | D:1      | Reached XP level 3. HP: 23/29 MP: 4/4
  1408 | D:2      | Found an iron altar of Okawaru.
  1736 | D:2      | Reached XP level 4. HP: 33/37 MP: 6/6
  2009 | D:2      | Reached skill level 1 in Polearms
  2199 | D:2      | Reached ** piety under Lugonu
  2700 | D:3      | Found a glowing golden altar of the Shining One.
  2736 | D:3      | Reached XP level 5. HP: 35/42 MP: 7/7
  2791 | D:3      | Reached *** piety under Lugonu
  2818 | D:3      | Found a glowing drain.
  2829 | Sewer    | Entered a sewer
  2919 | Sewer    | Reached skill level 4 in Fighting
  2983 | Sewer    | Noticed a water moccasin
  2991 | Sewer    | Succumbed to a water moccasin's poison

Illustrated notes

Levels and vault maps discovered:
D:1:      zelgadis_glass_arrival_small, layout_loops_ring,
          shapermc_ecumenical_altar_acropolis
D:2:      minmay_inner_zag, layout_rooms, basic_altar
D:3:      layout_rooms, nicolae_tso_besieged_by_evil,
          cheibrodos_sewer_entry_bend, minivault_26,
          corexii_item_surrounded_by_moat, chequers_serial_rivers_micro_e
Sewer:    sewer_the_moccasin

Skill      XL: |  1  2  3  4  5 |
---------------+----------------+-----
Dodging        | 1 |  1.0
Invocations    | 3 |  3.3
Polearms       | 1 |  1.5
Armour         | 3 |  3.1
Fighting       | 4 |  4.0
Long Blades    | |  2.8

Action                   |  1- 3 |  4- 6 || total
-------------------------+-------+-------++-------
Melee: Falchion          |    70 |       ||    70
       Spear             |    24 |   149 ||   173
Invok: Depart the Abyss  |     1 |       ||     1
 Abil: Dig               |       |     1 ||     1
  Use: Scroll            |       |     2 ||     2
       Potion            |       |     2 ||     2
Armor: Leather armour    |    24 |    32 ||    56
Dodge: Dodged            |    59 |    62 ||   121

Table legend: (Time is in decaauts)
 A = Elapsed time spent in this place.
 B = Non-inter-level travel time spent in this place.
 C = Inter-level travel time spent in this place.
 D = Time resting spent in this place.
 E = Time spent auto-exploring this place.
 F = Levels seen in this place.
 G = Mean time per level.
                   A        B        C        D        E       F      G
               +--------+--------+--------+--------+--------+-----+--------+
         Total |   3020 |   2978 |     42 |   1106 |   1016 |   5 |  604.0 |
       Dungeon |   2794 |   2752 |     42 |   1019 |    985 |   3 |  931.3 |
         Abyss |     59 |     59 |      0 |      0 |      0 |   1 |   59.0 |
         Sewer |    167 |    167 |      0 |     87 |     31 |   1 |  167.0 |
               +--------+--------+--------+--------+--------+-----+--------+

Top non-repeatable levels by time:
     D:1: 1434 daAuts
     D:2: 1110 daAuts
     D:3: 248 daAuts
   Sewer: 167 daAuts
 Abyss:1: 59 daAuts
